AoeStats
← ska_18

Black Forest

506445052Analyzed
3v3 RM · 18d ago on Sep 13, 2026· 49m 5s· 6 players
Game mode
Random Map
Map size
Normal (6 player)
Population
200
Speed
Normal
Resources
Standard
Victory
Conquest
Starting age
Dark Age
Ending age
Imperial Age
RankedLock teamsTeams togetherTeam positionsShared explorationLock speedFull tech treeHidden civsTurbo modeCheats
Victory
Defeat
🇫🇷 Byzantines · France
968
+15
🇺🇸 Bohemians · United States
928
+16
🇦🇹 Saracens · Austria
885
+19
🇩🇪 Teutons · Germany
963
-53
🇸🇪 Persians · Sweden
949
-17
🇸🇰 Goths · Slovakia
898
-15
Gautier Sans-Avoir
0:27 Loom
12:42 Feudal Age
13:18 Double-Bit Axe
19:43 Castle Age
17:57 Horse Collar
20:24 Heavy Plow
21:43 Bow Saw
23:48 Stone Mining
25:12 Gold Mining
26:39 Wheelbarrow
28:36 Scale Barding Armor
30:13 Chain Barding Armor
31:37 Hand Cart
32:38 Kamandaran
34:27 Ballistics
34:19 Masonry
33:37 Crossbowman
34:25 Thumb Ring
34:08 Town Watch
35:28 Gold Shaft Mining
35:09 Fletching
38:54 Imperial Age
37:08 Bodkin Arrow
39:02 Forging
40:05 Plate Barding Armor
39:55 Devotion
40:37 Architecture
41:56 Iron Casting
41:22 Padded Archer Armor
42:39 Hoardings
42:48 Citadels
44:08 Conscription
46:26 Elite War Elephant
-MIRO-SLAV
0:29 Loom
17:38 Feudal Age
19:25 Wheelbarrow
19:25 Double-Bit Axe
19:24 Horse Collar
24:18 Castle Age
22:55 Stone Mining
22:58 Gold Mining
28:38 Fishing Lines
31:27 Anarchy
32:16 Murder Holes
34:29 Hand Cart
35:12 Bow Saw
35:16 Forging
41:59 Imperial Age
41:54 Elite Skirmisher
42:00 Elite Huskarl
44:46 Chemistry
43:52 Pikeman
44:33 Squires
48:23 Halberdier
Valaron
10:21 Loom
17:05 Feudal Age
28:34 Castle Age
Merguez celeste
0:28 Loom
17:46 Feudal Age
19:10 Double-Bit Axe
19:16 Fishing Lines
20:18 Horse Collar
20:34 Stone Mining
20:37 Gold Mining
25:12 Scale Mail Armor
25:23 Forging
25:03 Fletching
27:18 Castle Age
26:04 Scale Barding Armor
29:00 Pikeman
30:10 Bow Saw
31:46 Wheelbarrow
33:01 Heavy Plow
37:15 Imperial Age
36:26 Iron Casting
37:40 Hand Cart
37:36 Bodkin Arrow
37:57 Chain Mail Armor
38:18 Murder Holes
38:46 Ballistics
38:37 Fortified Wall
41:21 Chain Barding Armor
41:32 Plate Mail Armor
41:03 Bracer
42:47 Two-Man Saw
42:22 Conscription
43:13 Plate Barding Armor
43:36 Crop Rotation
45:41 Logistica
47:16 Gold Shaft Mining
47:48 Chemistry
46:30 Treadmill Crane
46:32 Halberdier
ska_18
1:01 Loom
13:09 Feudal Age
18:40 Castle Age
17:12 Double-Bit Axe
17:14 Fishing Lines
17:18 Horse Collar
20:49 Wheelbarrow
20:37 Bow Saw
20:18 Town Watch
22:45 Hand Cart
24:32 Gillnets
24:59 Fervor
25:59 Gold Mining
25:59 Stone Mining
26:11 Heavy Plow
27:47 Gold Shaft Mining
27:25 Fervor
27:36 Sanctity
27:46 Fervor
28:03 Town Patrol
29:16 Sanctity
29:43 Forging
29:23 Fletching
29:38 Scale Barding Armor
30:36 Caravan
31:51 Bodkin Arrow
34:34 Imperial Age
33:18 Iron Casting
32:26 Treadmill Crane
32:41 Murder Holes
32:59 Fortified Wall
33:21 Coinage
35:00 Chain Barding Armor
34:52 Bimaristan
36:24 Chemistry
35:30 Siege Engineers
35:49 Conscription
36:07 Masonry
37:12 Two-Man Saw
37:16 Blast Furnace
36:52 Plate Barding Armor
37:34 Two-Man Saw
36:15 Elite Mameluke
37:14 Husbandry
37:25 Bloodlines
36:36 Light Cavalry
39:44 Hoardings
40:16 Banking
44:59 Ballistics
44:40 Bracer
zeOrangutan
0:35 Loom
13:42 Feudal Age
17:50 Castle Age
20:43 Double-Bit Axe
21:58 Town Watch
22:57 Wheelbarrow
22:32 Fletching
23:25 Bodkin Arrow
34:52 Redemption
Connection lost

Rejoining the realm…

Still unreachable

The connection could not be restored.

Session expired

The server has moved on; the page needs a fresh start.